Patriotes vs Sewer Rats
Created - 27 février 2015 at 19:06
Goals
|
Patriotes |
3 |
0 |
2 |
5 |
Sewer Rats |
2 |
2 |
4 |
8 |
|
Shots
|
Patriotes |
16 |
1 |
10 |
27 |
Sewer Rats |
11 |
14 |
14 |
39 |
|
1st period
1. Patriotes , Tomas Kurka 18 (Cory Emmerton, Joe Charlebois) at 7:43
2. Patriotes , Dwight King 10 (Lauri Tukonen) at 9:31
3. Sewer Rats , Steven Reinprecht 28 (Ville Leino) at 9:48
4. Sewer Rats , Ville Leino 26 (Steven Reinprecht, Brandon Sutter) at 18:58
5. Patriotes , Andreas Nodl 31 (Cory Emmerton) at 19:08
Penalties :
Andreas Nodl (Nyc) for Hooking (Minor) at 10:30
2nd period
6. Sewer Rats , Max Pacioretty 17 (Kyle Quincey) at 9:03
7. Sewer Rats , Nick Palmieri 29 (Brandon Sutter, Max Pacioretty) at 17:48 (PP)
Penalties :
Tyler Myers (Nyc) for Roughing (Minor) at 1:16, Tyler Myers (Nyc) for Hooking (Minor) at 13:32, Dwight King (Nyc) for Hooking (Minor) at 17:08
3rd period
8. Patriotes , Cory Emmerton 23 (Tomas Kurka, Andreas Nodl) at 1:28
9. Sewer Rats , Max Pacioretty 18 (Mike Funk, Nick Palmieri) at 5:35
10. Sewer Rats , Ville Leino 27 (Steven Reinprecht, Mark Mancari) at 9:15
11. Patriotes , A.J Thelen 3 (Zenon Konopka) at 10:33 (PP)
12. Sewer Rats , Nick Palmieri 30 (Max Pacioretty) at 16:32
13. Sewer Rats , Nick Palmieri 31 (Brandon Sutter) at 17:39
Penalties :
Jonathan Paiement (Tol) for Holding (Minor) at 10:22, Andrew Gordon (Nyc) for Hooking (Minor) at 18:02
Goalie Stats
Joey MacDonald (Nyc), 31 saves from 39 shots - (0,795), L, 28-21-3, 60:00 minutes
Semyon Varlamov (Tol), 22 saves from 27 shots - (0,815), W, 22-12-2, 60:00 minutes
Players Stats for Patriotes
Player Name G A P +/- PIM S H SB GA TA FO MP PP MP PK MP
------------------------------------------------------------------------------------
A.J Thelen 1 0 1 -3 0 2 3 1 3 2 0/0 31:56 0:11 4:51
Andreas Nodl 1 1 2 0 2 6 2 3 2 0 1/2 20:58 0:00 3:55
Andrew Gordon 0 0 0 -1 2 2 0 0 0 0 0/2 16:07 0:11 1:22
Brett Skinner 0 0 0 -3 0 1 1 1 2 0 0/0 30:03 0:11 4:33
Cory Emmerton 1 2 3 0 0 7 0 1 0 0 17/37 16:55 0:00 0:00
Dwight King 1 0 1 -2 2 1 2 2 0 0 0/0 10:36 0:00 0:00
Fedor Fedorov 0 0 0 -1 0 2 2 0 0 2 0/1 18:11 0:11 3:17
Jared Staal 0 0 0 0 0 0 0 0 0 0 0/0 8:59 0:00 0:00
Joakim Andersson 0 0 0 0 0 0 0 0 0 1 2/2 8:59 0:00 0:00
Joe Charlebois 0 1 1 0 0 2 0 2 0 0 0/0 12:41 0:00 1:34
Lauri Tukonen 0 1 1 -2 0 1 0 0 1 0 0/1 10:37 0:00 0:00
Liam Reddox 0 0 0 0 0 0 0 0 0 1 0/0 9:52 0:00 0:53
Nigel Williams 0 0 0 1 0 0 0 0 0 0 0/0 5:36 0:00 0:38
Ryan White 0 0 0 -2 0 0 3 0 0 1 2/7 12:43 0:00 2:06
Ryan Wilson 0 0 0 -1 0 0 0 1 0 1 0/0 21:02 0:00 4:01
Tomas Kurka 1 1 2 0 0 2 5 1 1 0 3/6 21:49 0:00 4:53
Tyler Myers 0 0 0 0 4 0 4 1 1 0 0/0 18:41 0:00 1:31
Zenon Konopka 0 1 1 -1 0 1 1 0 0 0 9/11 15:36 0:11 0:42
Players Stats for Sewer Rats
Player Name G A P +/- PIM S H SB GA TA FO MP PP MP PK MP
------------------------------------------------------------------------------------
Brandon Sutter 0 3 3 3 0 4 0 1 0 0 11/23 20:18 3:50 0:00
Chad Denny 0 0 0 0 0 0 0 0 0 0 0/0 5:35 0:00 0:00
Derek Dorsett 0 0 0 -1 0 0 0 0 2 0 0/0 10:02 0:10 0:00
John Erskine 0 0 0 0 0 0 1 2 1 1 0/0 26:01 4:54 0:11
John-Michael Liles 0 0 0 0 0 3 3 4 1 1 0/0 26:01 4:54 0:11
Jonathan Paiement 0 0 0 1 2 1 2 0 0 0 0/0 18:50 3:40 0:00
Jordan Caron 0 0 0 0 0 0 1 0 1 0 0/0 9:37 0:00 0:00
Kyle Quincey 0 1 1 1 0 0 1 0 0 0 0/0 18:51 3:40 0:00
Kyle Turris 0 0 0 -1 0 0 2 1 0 1 1/2 9:52 0:00 0:00
Lars Eller 0 0 0 0 0 3 1 0 0 0 2/3 9:37 0:00 0:00
Mark Mancari 0 1 1 1 0 1 1 0 0 1 1/1 19:52 4:34 0:00
Mattias Ekholm 0 0 0 0 0 0 1 0 0 0 0/0 5:35 0:00 0:00
Max Pacioretty 2 2 4 3 0 8 2 0 0 0 2/2 20:18 3:50 0:00
Mike Funk 0 1 1 2 0 2 0 0 0 1 0/0 9:33 0:00 0:00
Nick Palmieri 3 1 4 3 0 6 1 0 0 2 1/4 20:18 3:50 0:00
Patrick Bordeleau 0 0 0 0 0 0 2 0 0 0 0/0 9:37 0:00 0:00
Steven Kampfer 0 0 0 2 0 1 0 0 0 1 0/0 9:33 0:00 0:00
Steven Reinprecht 1 2 3 1 0 4 1 1 0 0 17/34 20:10 4:41 0:11
Ville Leino 2 1 3 1 0 5 2 0 1 2 0/0 20:06 4:37 0:11
Vojtech Polak 0 0 0 -1 0 1 0 1 2 0 0/0 10:02 0:10 0:00
3 Stars
1 - Nick Palmieri (Tol)
2 - Max Pacioretty (Tol)
3 - Ville Leino (Tol)
Power Play
Patriotes - 1 on 1 Attempt(s) - 100,00%
Sewer Rats - 1 on 5 Attempt(s) - 20,00%
Penalty Kill
Patriotes - 4 on 5 Attempt(s) - 80,00%
- Score 0 goal in Penalty Kill
Sewer Rats - 0 on 1 Attempt(s) - 0,00%
- Score 0 goal in Penalty Kill
Team Stat
Patriotes - Hits : 23 - Faceoff Wins : 34 - Blocked Shots : 13 - Penalty Minutes : 10
Sewer Rats - Hits : 21 - Faceoff Wins : 35 - Blocked Shots : 10 - Penalty Minutes : 2
Official
Referees : Sutherland Kelly and Marouelli Dan
Linesman : Brian Mach and Pierre Racicot
Game Notes
Nigel Williams is injured at 6:37 of 2nd period (Sprained Right Ankle)
Nick Palmieri has scored a Hat Trick!
Finance
Level 1 -- Attendance: 1501 (75,05%) -- Ticket Income 45 030 $
Level 2 -- Attendance: 822 (82,20%) -- Ticket Income 9 864 $
Total Attendance: 2323 (77,43%)
Total Ticket Income: 54 894 $
Other Income: 2 745 $
Total Income: 57 639 $
Patriotes
5 vs 5 Forward
Center Left Wing Right Wing Time % Phy DF OF
1 Cory Emmerton Tomas Kurka Andreas Nodl 40 1 2 2
2 Zenon Konopka Fedor Fedorov Andrew Gordon 30 1 2 2
3 Ryan White Dwight King Lauri Tukonen 20 1 2 2
4 Joakim Andersson Liam Reddox Jared Staal 10 1 2 2
5 vs 5 Defense
Defense Defense Time % Phy DF OF
1 A.J Thelen Brett Skinner 40 1 2 2
2 Tyler Myers Ryan Wilson 30 1 2 2
3 Joe Charlebois Nigel Williams 20 1 2 2
4 A.J Thelen Brett Skinner 10 1 2 2
PowerPlay Forward
Center Left Wing Right Wing Time % Phy DF OF
1 Cory Emmerton Tomas Kurka Andreas Nodl 60 1 2 2
2 Zenon Konopka Fedor Fedorov Andrew Gordon 40 1 2 2
PowerPlay Defense
Defense Defense Time % Phy DF OF
1 A.J Thelen Brett Skinner 60 1 2 2
2 Tyler Myers Ryan Wilson 40 1 2 2
Penalty Kill 4 Players Forward
Center Wing Time % Phy DF OF
1 Tomas Kurka Andreas Nodl 60 1 2 2
2 Andrew Gordon Fedor Fedorov 40 1 2 2
Penalty Kill 4 Players Defense
Defense Defense Time % Phy DF OF
1 A.J Thelen Brett Skinner 60 1 2 2
2 Tyler Myers Ryan Wilson 40 1 2 2
Penalty Kill - 3 Players Forward
Forward Time % Phy DF OF
1 Tomas Kurka 60 1 2 2
2 Andreas Nodl 40 1 2 2
Penalty Kill - 3 Players Defense
Defense Defense Time % Phy DF OF
1 A.J Thelen Brett Skinner 60 1 2 2
2 Tyler Myers Ryan Wilson 40 1 2 2
4 vs 4 Forward
Center Wing Time % Phy DF OF
1 Tomas Kurka Andreas Nodl 60 1 2 2
2 Andrew Gordon Fedor Fedorov 40 1 2 2
4 vs 4 Defense
Defense Defense Time % Phy DF OF
1 A.J Thelen Brett Skinner 60 1 2 2
2 Tyler Myers Ryan Wilson 40 1 2 2
Last Minutes Offensive
Center Left Wing Right Wing Defense Defense
Cory Emmerton Tomas Kurka Andreas Nodl A.J Thelen Brett Skinner
Last Minutes Defensive
Center Left Wing Right Wing Defense Defense
Cory Emmerton Tomas Kurka Andreas Nodl A.J Thelen Brett Skinner
Goaltenders
Starting : Joey MacDonald
Backup : Jason Missiaen
Extra Forwards
Normal : Lauri Tukonen, Dwight King, Ryan White - PP : Lauri Tukonen, Dwight King - PK : Ryan White
Extra Defensemen
Normal : Joe Charlebois, Nigel Williams, Tyler Myers - PP : Joe Charlebois - PK : Nigel Williams, Tyler Myers
Penalty Shots
Tomas Kurka, Andreas Nodl, Andrew Gordon, Fedor Fedorov, Cory Emmerton
Sewer Rats
5 vs 5 Forward
Center Left Wing Right Wing Time % Phy DF OF
1 Steven Reinprecht Ville Leino Mark Mancari 35 1 2 2
2 Brandon Sutter Max Pacioretty Nick Palmieri 35 1 2 2
3 Kyle Turris Vojtech Polak Derek Dorsett 15 1 2 2
4 Lars Eller Patrick Bordeleau Jordan Caron 15 1 2 2
5 vs 5 Defense
Defense Defense Time % Phy DF OF
1 John-Michael Liles John Erskine 40 1 2 2
2 Kyle Quincey Jonathan Paiement 30 1 2 2
3 Steven Kampfer Mike Funk 20 1 2 2
4 Mattias Ekholm Chad Denny 10 1 2 2
PowerPlay Forward
Center Left Wing Right Wing Time % Phy DF OF
1 Steven Reinprecht Ville Leino Mark Mancari 60 1 2 2
2 Brandon Sutter Max Pacioretty Nick Palmieri 40 1 2 2
PowerPlay Defense
Defense Defense Time % Phy DF OF
1 John-Michael Liles John Erskine 60 1 2 2
2 Kyle Quincey Jonathan Paiement 40 1 2 2
Penalty Kill 4 Players Forward
Center Wing Time % Phy DF OF
1 Steven Reinprecht Ville Leino 60 1 2 2
2 Max Pacioretty Mark Mancari 40 1 2 2
Penalty Kill 4 Players Defense
Defense Defense Time % Phy DF OF
1 John-Michael Liles John Erskine 60 1 2 2
2 Kyle Quincey Jonathan Paiement 40 1 2 2
Penalty Kill - 3 Players Forward
Forward Time % Phy DF OF
1 Steven Reinprecht 60 1 2 2
2 Ville Leino 40 1 2 2
Penalty Kill - 3 Players Defense
Defense Defense Time % Phy DF OF
1 John-Michael Liles John Erskine 60 1 2 2
2 Kyle Quincey Jonathan Paiement 40 1 2 2
4 vs 4 Forward
Center Wing Time % Phy DF OF
1 Steven Reinprecht Ville Leino 60 1 2 2
2 Max Pacioretty Mark Mancari 40 1 2 2
4 vs 4 Defense
Defense Defense Time % Phy DF OF
1 John-Michael Liles John Erskine 60 1 2 2
2 Kyle Quincey Jonathan Paiement 40 1 2 2
Last Minutes Offensive
Center Left Wing Right Wing Defense Defense
Steven Reinprecht Ville Leino Mark Mancari John-Michael Liles John Erskine
Last Minutes Defensive
Center Left Wing Right Wing Defense Defense
Steven Reinprecht Ville Leino Mark Mancari John-Michael Liles John Erskine
Goaltenders
Starting : Semyon Varlamov
Backup : Jhonas Enroth
Extra Forwards
Normal : Vojtech Polak, Derek Dorsett, Kyle Turris - PP : Vojtech Polak, Derek Dorsett - PK : Kyle Turris
Extra Defensemen
Normal : Steven Kampfer, Mike Funk, Mattias Ekholm - PP : Steven Kampfer - PK : Mike Funk, Mattias Ekholm
Penalty Shots
Steven Reinprecht, Ville Leino, Max Pacioretty, Mark Mancari, Vojtech Polak
% Time on Ice - Patriotes
Lines # - Real PCT - Wanted PCT - Time Play
Normal Forward
1 - 33% - 40% - 17:04
2 - 28% - 30% - 14:35
3 - 21% - 20% - 10:37
4 - 18% - 10% - 8:59
Normal Defense
1 - 40% - 40% - 20:35
2 - 28% - 30% - 14:33
3 - 23% - 20% - 11:58
4 - 8% - 10% - 4:09
PP Forward
1 - 0% - 60% - 0:00
2 - 100% - 40% - 0:11
PP Defense
1 - 100% - 60% - 0:11
2 - 0% - 40% - 0:00
PK Forward
1 - 75% - 60% - 6:27
2 - 25% - 40% - 2:07
PK Defense
1 - 53% - 60% - 4:33
2 - 47% - 40% - 4:01
PK3 Forward
1 - 0% - 60%
2 - 0% - 40%
PK3 Defense
1 - 0% - 60%
2 - 0% - 40%
44 Forward
1 - 0% - 60%
2 - 0% - 40%
44 Defense
1 - 0% - 60%
2 - 0% - 40%
Last Minute Offensive - 0:00
Last Minute Defensive - 0:00
Total
Forward - 60:00
Defense - 60:00
|
% Time on Ice - Sewer Rats
Lines # - Real PCT - Wanted PCT - Time Play
Normal Forward
1 - 30% - 35% - 15:18
2 - 32% - 35% - 16:28
3 - 19% - 15% - 9:52
4 - 19% - 15% - 9:37
Normal Defense
1 - 41% - 40% - 20:56
2 - 30% - 30% - 15:11
3 - 19% - 20% - 9:33
4 - 11% - 10% - 5:35
PP Forward
1 - 55% - 60% - 4:44
2 - 45% - 40% - 3:50
PP Defense
1 - 57% - 60% - 4:54
2 - 43% - 40% - 3:40
PK Forward
1 - 100% - 60% - 0:11
2 - 0% - 40% - 0:00
PK Defense
1 - 100% - 60% - 0:11
2 - 0% - 40% - 0:00
PK3 Forward
1 - 0% - 60%
2 - 0% - 40%
PK3 Defense
1 - 0% - 60%
2 - 0% - 40%
44 Forward
1 - 0% - 60%
2 - 0% - 40%
44 Defense
1 - 0% - 60%
2 - 0% - 40%
Last Minute Offensive - 0:00
Last Minute Defensive - 0:00
Total
Forward - 60:00
Defense - 60:00
|
Play by Play
1st period
0:01 of 1st period - Cory Emmerton wins face-off versus Steven Reinprecht in neutral zone.
0:28 of 1st period - Brandon Sutter is hit by Zenon Konopka and loses puck.
0:33 of 1st period - Slapshot by Andrew Gordon.
0:33 of 1st period - Shot Blocked by John-Michael Liles.
0:58 of 1st period - Icing by Brett Skinner.
0:59 of 1st period - Lars Eller wins face-off versus Lauri Tukonen in Patriotes zone.
1:54 of 1st period - Snap shot by Dwight King.
1:54 of 1st period - Shot Misses the Net.
1:57 of 1st period - Icing by Steven Kampfer.
1:58 of 1st period - Lars Eller wins face-off versus Cory Emmerton in Sewer Rats zone.
2:13 of 1st period - Snap shot by Andreas Nodl.
2:13 of 1st period - Stopped by Semyon Varlamov with a rebound.
2:21 of 1st period - Wrist shot by Jordan Caron.
2:21 of 1st period - Shot Misses the Net.
2:23 of 1st period - Wrist shot by Lars Eller.
2:23 of 1st period - Stopped by Joey MacDonald with a rebound.
2:25 of 1st period - Slapshot by Steven Kampfer.
2:25 of 1st period - Stopped by Joey MacDonald without a rebound.
2:26 of 1st period - Zenon Konopka wins face-off versus Steven Reinprecht in Patriotes zone.
2:33 of 1st period - Snap shot by Steven Reinprecht.
2:33 of 1st period - Stopped by Joey MacDonald without a rebound.
2:34 of 1st period - Cory Emmerton wins face-off versus Steven Reinprecht in Patriotes zone.
2:39 of 1st period - Slapshot by Ville Leino.
2:39 of 1st period - Stopped by Joey MacDonald with a rebound.
2:41 of 1st period - Snap shot by Ville Leino.
2:41 of 1st period - Deflect By Andreas Nodl.
2:41 of 1st period - Shot Misses the Net.
2:41 of 1st period - Puck is out of play.
2:42 of 1st period - Cory Emmerton wins face-off versus Brandon Sutter in Patriotes zone.
3:26 of 1st period - Snap shot by Andrew Gordon.
3:26 of 1st period - Stopped by Semyon Varlamov with a rebound.
3:33 of 1st period - Off-side.
3:34 of 1st period - Brandon Sutter wins face-off versus Cory Emmerton in neutral zone.
4:21 of 1st period - Slapshot by A.J Thelen.
4:21 of 1st period - Shot Hit the Post.
4:23 of 1st period - Snap shot by Liam Reddox.
4:23 of 1st period - Shot Blocked by John-Michael Liles.
4:45 of 1st period - Wrist shot by John-Michael Liles.
4:45 of 1st period - Shot Misses the Net.
4:47 of 1st period - Snap shot by John-Michael Liles.
4:47 of 1st period - Deflect By Max Pacioretty.
4:47 of 1st period - Stopped by Joey MacDonald with a rebound.
4:49 of 1st period - Slapshot by John Erskine.
4:49 of 1st period - Shot Blocked by Dwight King.
4:51 of 1st period - Snap shot by Nick Palmieri.
4:51 of 1st period - Stopped by Joey MacDonald with a rebound.
4:53 of 1st period - Slapshot by John-Michael Liles.
4:53 of 1st period - Stopped by Joey MacDonald without a rebound.
4:54 of 1st period - Steven Reinprecht wins face-off versus Cory Emmerton in Patriotes zone.
4:55 of 1st period - Snap shot by Ville Leino.
4:55 of 1st period - Shot Misses the Net.
5:29 of 1st period - Snap shot by Max Pacioretty.
5:29 of 1st period - Shot Blocked by Ryan Wilson.
6:05 of 1st period - Lauri Tukonen is hit by Patrick Bordeleau and loses puck.
6:22 of 1st period - Chad Denny is hit by Andreas Nodl and loses puck.
6:43 of 1st period - Snap shot by Andrew Gordon.
6:43 of 1st period - Shot Misses the Net.
6:45 of 1st period - Slapshot by Brett Skinner.
6:45 of 1st period - Deflect By Andrew Gordon.
6:45 of 1st period - Stopped by Semyon Varlamov with a rebound.
6:47 of 1st period - Wrist shot by Zenon Konopka.
6:47 of 1st period - Stopped by Semyon Varlamov with a rebound.
6:49 of 1st period - Slapshot by Joe Charlebois.
6:49 of 1st period - Stopped by Semyon Varlamov with a rebound.
7:04 of 1st period - Wrist shot by John-Michael Liles.
7:04 of 1st period - Deflect By Jordan Caron.
7:04 of 1st period - Shot Misses the Net.
7:04 of 1st period - Puck is out of play.
7:05 of 1st period - Joakim Andersson wins face-off versus Brandon Sutter in Patriotes zone.
7:39 of 1st period - Snap shot by Tomas Kurka.
7:39 of 1st period - Stopped by Semyon Varlamov with a rebound.
7:41 of 1st period - Wrist shot by Cory Emmerton.
7:41 of 1st period - Stopped by Semyon Varlamov with a rebound.
7:43 of 1st period - Slapshot by Tomas Kurka.
7:43 of 1st period - Goal by Tomas Kurka - Patriotes : 1 - Sewer Rats : 0.
7:44 of 1st period - Steven Reinprecht wins face-off versus Cory Emmerton in neutral zone.
8:20 of 1st period - Snap shot by Zenon Konopka.
8:20 of 1st period - Shot Blocked by John Erskine.
8:44 of 1st period - Wrist shot by Kyle Turris.
8:44 of 1st period - Deflect By Derek Dorsett.
8:44 of 1st period - Shot Misses the Net.
8:44 of 1st period - Puck is out of play.
8:45 of 1st period - Brandon Sutter wins face-off versus Cory Emmerton in Patriotes zone.
9:17 of 1st period - Snap shot by Fedor Fedorov.
9:17 of 1st period - Stopped by Semyon Varlamov with a rebound.
9:19 of 1st period - Slapshot by Joe Charlebois.
9:19 of 1st period - Shot Misses the Net.
9:31 of 1st period - Wrist shot by Dwight King.
9:31 of 1st period - Goal by Dwight King - Patriotes : 2 - Sewer Rats : 0.
9:32 of 1st period - Cory Emmerton wins face-off versus Steven Reinprecht in neutral zone.
9:39 of 1st period - Tyler Myers is hit by Mark Mancari and loses puck.
9:48 of 1st period - Wrist shot by Steven Reinprecht.
9:48 of 1st period - Goal by Steven Reinprecht - Patriotes : 2 - Sewer Rats : 1.
9:49 of 1st period - Max Pacioretty wins face-off versus Cory Emmerton in neutral zone.
9:58 of 1st period - Snap shot by Cory Emmerton.
9:58 of 1st period - Stopped by Semyon Varlamov with a rebound.
10:00 of 1st period - Slapshot by A.J Thelen.
10:00 of 1st period - Shot Blocked by John Erskine.
10:02 of 1st period - Slapshot by Brett Skinner.
10:02 of 1st period - Deflect By Andreas Nodl.
10:02 of 1st period - Shot Blocked by Brandon Sutter.
10:02 of 1st period - Puck is out of play.
10:03 of 1st period - Steven Reinprecht wins face-off versus Andrew Gordon in Sewer Rats zone.
10:30 of 1st period - Minor Penalty to Andreas Nodl for Hooking.
10:31 of 1st period - Tomas Kurka wins face-off versus Steven Reinprecht in Patriotes zone.
12:30 of 1st period - Penalty to Andreas Nodl is over, Andreas Nodl is back on ice.
13:22 of 1st period - Wrist shot by Vojtech Polak.
13:22 of 1st period - Shot Blocked by Brett Skinner.
13:24 of 1st period - Snap shot by Kyle Turris.
13:24 of 1st period - Shot Misses the Net.
14:38 of 1st period - Wrist shot by Derek Dorsett.
14:38 of 1st period - Deflect By Vojtech Polak.
14:38 of 1st period - Shot Misses the Net.
14:38 of 1st period - Puck is out of play.
14:39 of 1st period - Cory Emmerton wins face-off versus Nick Palmieri in Patriotes zone.
14:44 of 1st period - Wrist shot by Nick Palmieri.
14:44 of 1st period - Stopped by Joey MacDonald with a rebound.
14:46 of 1st period - Snap shot by Nick Palmieri.
14:46 of 1st period - Deflect By Andreas Nodl.
14:46 of 1st period - Shot Blocked by Andreas Nodl.
14:46 of 1st period - Puck is out of play.
14:47 of 1st period - Brandon Sutter wins face-off versus Cory Emmerton in Patriotes zone.
15:02 of 1st period - Slapshot by Max Pacioretty.
15:02 of 1st period - Stopped by Joey MacDonald without a rebound.
15:03 of 1st period - Steven Reinprecht wins face-off versus Fedor Fedorov in Patriotes zone.
15:16 of 1st period - Slapshot by Fedor Fedorov.
15:16 of 1st period - Stopped by Semyon Varlamov without a rebound.
15:17 of 1st period - Cory Emmerton wins face-off versus Nick Palmieri in Sewer Rats zone.
15:18 of 1st period - Slapshot by Andreas Nodl.
15:18 of 1st period - Shot Misses the Net.
15:32 of 1st period - Wrist shot by Brandon Sutter.
15:32 of 1st period - Shot Misses the Net.
15:42 of 1st period - John-Michael Liles is hit by Tyler Myers and loses puck.
16:07 of 1st period - Lars Eller is hit by Ryan White.
16:12 of 1st period - Slapshot by Steven Kampfer.
16:12 of 1st period - Shot Blocked by Dwight King.
16:53 of 1st period - Chad Denny is hit by Tyler Myers and loses puck.
17:28 of 1st period - Slapshot by Cory Emmerton.
17:28 of 1st period - Stopped by Semyon Varlamov with a rebound.
17:40 of 1st period - Ryan Wilson is hit by Kyle Turris and loses puck.
18:13 of 1st period - Joe Charlebois is hit by Lars Eller and loses puck.
18:22 of 1st period - Kyle Quincey is hit by Fedor Fedorov and loses puck.
18:41 of 1st period - Nick Palmieri is hit by A.J Thelen and loses puck.
18:58 of 1st period - Snap shot by Ville Leino.
18:58 of 1st period - Goal by Ville Leino - Patriotes : 2 - Sewer Rats : 2.
18:59 of 1st period - Cory Emmerton wins face-off versus Steven Reinprecht in neutral zone.
19:08 of 1st period - Wrist shot by Cory Emmerton.
19:08 of 1st period - Deflect By Andreas Nodl.
19:08 of 1st period - Goal by Andreas Nodl - Patriotes : 3 - Sewer Rats : 2.
19:09 of 1st period - Steven Reinprecht wins face-off versus Cory Emmerton in neutral zone.
19:17 of 1st period - Wrist shot by A.J Thelen.
19:17 of 1st period - Stopped by Semyon Varlamov without a rebound.
19:18 of 1st period - Cory Emmerton wins face-off versus Steven Reinprecht in Sewer Rats zone.
19:21 of 1st period - Wrist shot by Cory Emmerton.
19:21 of 1st period - Stopped by Semyon Varlamov with a rebound.
19:23 of 1st period - Wrist shot by Andreas Nodl.
19:23 of 1st period - Deflect By Mark Mancari.
19:23 of 1st period - Shot Hit the Post.
19:23 of 1st period - Puck is out of play.
19:24 of 1st period - Brandon Sutter wins face-off versus Cory Emmerton in Sewer Rats zone.
19:24 of 1st period - Brandon Sutter is hit by Tomas Kurka.
19:54 of 1st period - Off-side.
19:55 of 1st period - Zenon Konopka wins face-off versus Steven Reinprecht in neutral zone.
Goals for this period are 3 for Patriotes vs 2 for Sewer Rats.
Shots for this period are 16 for Patriotes vs 11 for Sewer Rats.
2nd period
0:01 of 2nd period - Cory Emmerton wins face-off versus Brandon Sutter in neutral zone.
0:56 of 2nd period - Slapshot by John-Michael Liles.
0:56 of 2nd period - Stopped by Joey MacDonald with a rebound.
0:58 of 2nd period - Backhand shot by John-Michael Liles.
0:58 of 2nd period - Shot Misses the Net.
1:16 of 2nd period - Minor Penalty to Tyler Myers for Roughing.
1:17 of 2nd period - Steven Reinprecht wins face-off versus Tomas Kurka in Patriotes zone.
1:43 of 2nd period - Fedor Fedorov is hit by Max Pacioretty and loses puck.
3:12 of 2nd period - Tomas Kurka is hit by John-Michael Liles.
3:16 of 2nd period - Penalty to Tyler Myers is over, Tyler Myers is back on ice.
3:32 of 2nd period - John-Michael Liles is hit by Dwight King.
4:22 of 2nd period - Vojtech Polak is hit by Tyler Myers.
4:23 of 2nd period - Icing by Vojtech Polak.
4:24 of 2nd period - Kyle Turris wins face-off versus Ryan White in Sewer Rats zone.
4:54 of 2nd period - Wrist shot by Ville Leino.
4:54 of 2nd period - Stopped by Joey MacDonald with a rebound.
5:19 of 2nd period - Wrist shot by Lars Eller.
5:19 of 2nd period - Shot Blocked by A.J Thelen.
6:36 of 2nd period - Nigel Williams is hit by Jordan Caron and loses puck.
6:37 of 2nd period - Nigel Williams from Patriotes is injured at 6:37 of 2nd period (Sprained Right Ankle).
6:38 of 2nd period - Brandon Sutter wins face-off versus Cory Emmerton in Patriotes zone.
6:39 of 2nd period - Snap shot by Max Pacioretty.
6:39 of 2nd period - Stopped by Joey MacDonald with a rebound.
6:54 of 2nd period - Slapshot by Andreas Nodl.
6:54 of 2nd period - Stopped by Semyon Varlamov without a rebound.
6:55 of 2nd period - Mark Mancari wins face-off versus Zenon Konopka in Sewer Rats zone.
7:20 of 2nd period - A.J Thelen is hit by Patrick Bordeleau and loses puck.
7:24 of 2nd period - Icing by Zenon Konopka.
7:25 of 2nd period - Zenon Konopka wins face-off versus Lars Eller in Patriotes zone.
7:25 of 2nd period - Zenon Konopka is hit by Jonathan Paiement.
7:46 of 2nd period - Icing by Ryan Wilson.
7:47 of 2nd period - Zenon Konopka wins face-off versus Brandon Sutter in Patriotes zone.
7:47 of 2nd period - Zenon Konopka is hit by John-Michael Liles.
8:24 of 2nd period - Wrist shot by Lars Eller.
8:24 of 2nd period - Stopped by Joey MacDonald with a rebound.
8:26 of 2nd period - Backhand shot by John-Michael Liles.
8:26 of 2nd period - Deflect By Lars Eller.
8:26 of 2nd period - Shot Misses the Net.
8:26 of 2nd period - Puck is out of play.
8:27 of 2nd period - Cory Emmerton wins face-off versus Steven Reinprecht in Patriotes zone.
8:48 of 2nd period - Jonathan Paiement is hit by Andreas Nodl and loses puck.
9:03 of 2nd period - Snap shot by Max Pacioretty.
9:03 of 2nd period - Goal by Max Pacioretty - Patriotes : 3 - Sewer Rats : 3.
9:04 of 2nd period - Cory Emmerton wins face-off versus Brandon Sutter in neutral zone.
9:04 of 2nd period - Cory Emmerton is hit by John Erskine.
9:08 of 2nd period - Nick Palmieri is hit by Tomas Kurka and loses puck.
9:15 of 2nd period - Slapshot by John Erskine.
9:15 of 2nd period - Shot Blocked by Cory Emmerton.
9:17 of 2nd period - Slapshot by John-Michael Liles.
9:17 of 2nd period - Deflect By Brandon Sutter.
9:17 of 2nd period - Shot Blocked by Tomas Kurka.
9:17 of 2nd period - Puck is out of play.
9:18 of 2nd period - Steven Reinprecht wins face-off versus Cory Emmerton in Patriotes zone.
9:40 of 2nd period - Icing by John-Michael Liles.
9:41 of 2nd period - Zenon Konopka wins face-off versus Brandon Sutter in Sewer Rats zone.
10:39 of 2nd period - Slapshot by Ville Leino.
10:39 of 2nd period - Deflect By Mark Mancari.
10:39 of 2nd period - Shot Blocked by Tyler Myers.
10:39 of 2nd period - Puck is out of play.
10:40 of 2nd period - Nick Palmieri wins face-off versus Andreas Nodl in Patriotes zone.
11:05 of 2nd period - Dwight King is hit by Steven Reinprecht and loses puck.
11:28 of 2nd period - Wrist shot by Kyle Quincey.
11:28 of 2nd period - Shot Blocked by Joe Charlebois.
11:54 of 2nd period - Tomas Kurka is hit by Kyle Turris and loses puck.
12:23 of 2nd period - Ryan Wilson is hit by Ville Leino and loses puck.
12:28 of 2nd period - Wrist shot by Steven Reinprecht.
12:28 of 2nd period - Deflect By Fedor Fedorov.
12:28 of 2nd period - Shot Misses the Net.
12:28 of 2nd period - Puck is out of play.
12:29 of 2nd period - Max Pacioretty wins face-off versus Cory Emmerton in Patriotes zone.
12:36 of 2nd period - Snap shot by Brandon Sutter.
12:36 of 2nd period - Deflect By Max Pacioretty.
12:36 of 2nd period - Stopped by Joey MacDonald with a rebound.
12:38 of 2nd period - Wrist shot by Brandon Sutter.
12:38 of 2nd period - Stopped by Joey MacDonald with a rebound.
12:40 of 2nd period - Snap shot by Brandon Sutter.
12:40 of 2nd period - Shot Blocked by Andreas Nodl.
12:42 of 2nd period - Slapshot by Brandon Sutter.
12:42 of 2nd period - Stopped by Joey MacDonald with a rebound.
13:19 of 2nd period - Wrist shot by Lars Eller.
13:19 of 2nd period - Shot Misses the Net.
13:21 of 2nd period - Slapshot by Lars Eller.
13:21 of 2nd period - Shot Misses the Net.
13:25 of 2nd period - Snap shot by Lars Eller.
13:25 of 2nd period - Stopped by Joey MacDonald with a rebound.
13:27 of 2nd period - Slapshot by Lars Eller.
13:27 of 2nd period - Shot Misses the Net.
13:29 of 2nd period - Wrist shot by Mike Funk.
13:29 of 2nd period - Deflect By Zenon Konopka.
13:29 of 2nd period - Stopped by Joey MacDonald without a rebound.
13:30 of 2nd period - Cory Emmerton wins face-off versus Brandon Sutter in Patriotes zone.
13:32 of 2nd period - Minor Penalty to Tyler Myers for Hooking.
13:33 of 2nd period - Tomas Kurka wins face-off versus Steven Reinprecht in Patriotes zone.
13:47 of 2nd period - Slapshot by Ville Leino.
13:47 of 2nd period - Deflect By Steven Reinprecht.
13:47 of 2nd period - Stopped by Joey MacDonald with a rebound.
13:49 of 2nd period - Slapshot by Mark Mancari.
13:49 of 2nd period - Stopped by Joey MacDonald with a rebound.
14:57 of 2nd period - Snap shot by Fedor Fedorov.
14:57 of 2nd period - Shot Blocked by Steven Reinprecht.
15:19 of 2nd period - Nick Palmieri is hit by Ryan White and loses puck.
15:32 of 2nd period - Penalty to Tyler Myers is over, Tyler Myers is back on ice.
15:38 of 2nd period - Wrist shot by Liam Reddox.
15:38 of 2nd period - Shot Misses the Net.
15:52 of 2nd period - Steven Kampfer is hit by Fedor Fedorov and loses puck.
17:08 of 2nd period - Minor Penalty to Dwight King for Hooking.
17:09 of 2nd period - Steven Reinprecht wins face-off versus Tomas Kurka in Patriotes zone.
17:48 of 2nd period - Wrist shot by Nick Palmieri.
17:48 of 2nd period - Goal by Nick Palmieri - Patriotes : 3 - Sewer Rats : 4.
17:49 of 2nd period - Brandon Sutter wins face-off versus Cory Emmerton in neutral zone.
18:14 of 2nd period - Zenon Konopka is hit by Ville Leino and loses puck.
18:34 of 2nd period - Off-side.
18:35 of 2nd period - Ryan White wins face-off versus Kyle Turris in neutral zone.
18:50 of 2nd period - Snap shot by Vojtech Polak.
18:50 of 2nd period - Stopped by Joey MacDonald with a rebound.
19:41 of 2nd period - Joakim Andersson is hit by Kyle Quincey and loses puck.
Goals for this period are 0 for Patriotes vs 2 for Sewer Rats.
Shots for this period are 1 for Patriotes vs 14 for Sewer Rats.
3rd period
0:01 of 3rd period - Brandon Sutter wins face-off versus Cory Emmerton in neutral zone.
0:06 of 3rd period - Slapshot by John-Michael Liles.
0:06 of 3rd period - Stopped by Joey MacDonald without a rebound.
0:07 of 3rd period - Brandon Sutter wins face-off versus Cory Emmerton in Patriotes zone.
0:51 of 3rd period - John Erskine is hit by Brett Skinner and loses puck.
1:04 of 3rd period - Snap shot by Ville Leino.
1:04 of 3rd period - Stopped by Joey MacDonald without a rebound.
1:05 of 3rd period - Brandon Sutter wins face-off versus Cory Emmerton in Patriotes zone.
1:08 of 3rd period - Wrist shot by Max Pacioretty.
1:08 of 3rd period - Stopped by Joey MacDonald with a rebound.
1:18 of 3rd period - Slapshot by Cory Emmerton.
1:18 of 3rd period - Stopped by Semyon Varlamov without a rebound.
1:19 of 3rd period - Brandon Sutter wins face-off versus Cory Emmerton in Sewer Rats zone.
1:28 of 3rd period - Wrist shot by Tomas Kurka.
1:28 of 3rd period - Deflect By Cory Emmerton.
1:28 of 3rd period - Goal by Cory Emmerton - Patriotes : 4 - Sewer Rats : 4.
1:29 of 3rd period - Cory Emmerton wins face-off versus Brandon Sutter in neutral zone.
1:56 of 3rd period - Ville Leino is hit by A.J Thelen and loses puck.
2:15 of 3rd period - Snap shot by Brett Skinner.
2:15 of 3rd period - Shot Blocked by Vojtech Polak.
2:36 of 3rd period - Icing by Tyler Myers.
2:37 of 3rd period - Joakim Andersson wins face-off versus Brandon Sutter in Patriotes zone.
2:37 of 3rd period - Joakim Andersson is hit by Jonathan Paiement.
3:55 of 3rd period - Wrist shot by Liam Reddox.
3:55 of 3rd period - Deflect By Joakim Andersson.
3:55 of 3rd period - Shot Misses the Net.
3:55 of 3rd period - Puck is out of play.
3:56 of 3rd period - Cory Emmerton wins face-off versus Steven Reinprecht in Sewer Rats zone.
3:57 of 3rd period - Snap shot by Andreas Nodl.
3:57 of 3rd period - Stopped by Semyon Varlamov without a rebound.
3:58 of 3rd period - Steven Reinprecht wins face-off versus Cory Emmerton in Sewer Rats zone.
3:58 of 3rd period - Steven Reinprecht is hit by Tyler Myers.
4:24 of 3rd period - Wrist shot by Max Pacioretty.
4:24 of 3rd period - Shot Misses the Net.
4:26 of 3rd period - Wrist shot by Brandon Sutter.
4:26 of 3rd period - Stopped by Joey MacDonald without a rebound.
4:27 of 3rd period - Zenon Konopka wins face-off versus Brandon Sutter in Patriotes zone.
4:52 of 3rd period - Andrew Gordon is hit by Max Pacioretty and loses puck.
5:01 of 3rd period - Wrist shot by Max Pacioretty.
5:01 of 3rd period - Stopped by Joey MacDonald with a rebound.
5:03 of 3rd period - Snap shot by Nick Palmieri.
5:03 of 3rd period - Shot Misses the Net.
5:29 of 3rd period - Snap shot by Nick Palmieri.
5:29 of 3rd period - Stopped by Joey MacDonald with a rebound.
5:31 of 3rd period - Snap shot by Max Pacioretty.
5:31 of 3rd period - Shot Misses the Net.
5:33 of 3rd period - Slapshot by Mike Funk.
5:33 of 3rd period - Stopped by Joey MacDonald with a rebound.
5:35 of 3rd period - Wrist shot by Max Pacioretty.
5:35 of 3rd period - Goal by Max Pacioretty - Patriotes : 4 - Sewer Rats : 5.
5:36 of 3rd period - Cory Emmerton wins face-off versus Steven Reinprecht in neutral zone.
6:01 of 3rd period - Kyle Turris is hit by Dwight King and loses puck.
6:06 of 3rd period - Slapshot by Ryan White.
6:06 of 3rd period - Shot Misses the Net.
6:08 of 3rd period - Wrist shot by Lauri Tukonen.
6:08 of 3rd period - Stopped by Semyon Varlamov with a rebound.
6:10 of 3rd period - Slapshot by A.J Thelen.
6:10 of 3rd period - Shot Blocked by Kyle Turris.
6:12 of 3rd period - Slapshot by Lauri Tukonen.
6:12 of 3rd period - Shot Blocked by John-Michael Liles.
6:14 of 3rd period - Slapshot by Joe Charlebois.
6:14 of 3rd period - Stopped by Semyon Varlamov with a rebound.
7:05 of 3rd period - Wrist shot by Nick Palmieri.
7:05 of 3rd period - Deflect By Max Pacioretty.
7:05 of 3rd period - Shot Misses the Net.
7:05 of 3rd period - Puck is out of play.
7:06 of 3rd period - Zenon Konopka wins face-off versus Nick Palmieri in Patriotes zone.
7:13 of 3rd period - Backhand shot by Brett Skinner.
7:13 of 3rd period - Shot Misses the Net.
8:00 of 3rd period - Brandon Sutter is hit by A.J Thelen and loses puck.
8:15 of 3rd period - Mike Funk is hit by Tomas Kurka and loses puck.
8:22 of 3rd period - Slapshot by Steven Kampfer.
8:22 of 3rd period - Shot Misses the Net.
8:24 of 3rd period - Wrist shot by Brandon Sutter.
8:24 of 3rd period - Stopped by Joey MacDonald without a rebound.
8:25 of 3rd period - Zenon Konopka wins face-off versus Steven Reinprecht in Patriotes zone.
9:02 of 3rd period - Icing by Joe Charlebois.
9:03 of 3rd period - Steven Reinprecht wins face-off versus Ryan White in Patriotes zone.
9:15 of 3rd period - Snap shot by Ville Leino.
9:15 of 3rd period - Goal by Ville Leino - Patriotes : 4 - Sewer Rats : 6.
9:16 of 3rd period - Steven Reinprecht wins face-off versus Cory Emmerton in neutral zone.
9:23 of 3rd period - Snap shot by Steven Reinprecht.
9:23 of 3rd period - Deflect By Mark Mancari.
9:23 of 3rd period - Shot Blocked by Andreas Nodl.
9:23 of 3rd period - Puck is out of play.
9:24 of 3rd period - Tomas Kurka wins face-off versus Steven Reinprecht in Patriotes zone.
10:01 of 3rd period - Snap shot by Andreas Nodl.
10:01 of 3rd period - Stopped by Semyon Varlamov with a rebound.
10:17 of 3rd period - Slapshot by Cory Emmerton.
10:17 of 3rd period - Shot Blocked by John-Michael Liles.
10:19 of 3rd period - Slapshot by A.J Thelen.
10:19 of 3rd period - Deflect By Andreas Nodl.
10:19 of 3rd period - Stopped by Semyon Varlamov without a rebound.
10:20 of 3rd period - Steven Reinprecht wins face-off versus Andrew Gordon in Sewer Rats zone.
10:22 of 3rd period - Minor Penalty to Jonathan Paiement for Holding.
10:23 of 3rd period - Steven Reinprecht wins face-off versus Zenon Konopka in Sewer Rats zone.
10:33 of 3rd period - Slapshot by A.J Thelen.
10:33 of 3rd period - Goal by A.J Thelen - Patriotes : 5 - Sewer Rats : 6.
10:34 of 3rd period - Andreas Nodl wins face-off versus Steven Reinprecht in neutral zone.
10:39 of 3rd period - Slapshot by Brett Skinner.
10:39 of 3rd period - Stopped by Semyon Varlamov without a rebound.
10:40 of 3rd period - Cory Emmerton wins face-off versus Steven Reinprecht in Sewer Rats zone.
10:48 of 3rd period - Ville Leino is hit by Tomas Kurka and loses puck.
11:05 of 3rd period - Andrew Gordon is hit by Nick Palmieri and loses puck.
11:46 of 3rd period - Snap shot by Cory Emmerton.
11:46 of 3rd period - Stopped by Semyon Varlamov with a rebound.
12:38 of 3rd period - Brett Skinner is hit by Mattias Ekholm and loses puck.
13:12 of 3rd period - Ville Leino is hit by Tomas Kurka and loses puck.
13:40 of 3rd period - Slapshot by John-Michael Liles.
13:40 of 3rd period - Shot Blocked by Joe Charlebois.
13:56 of 3rd period - Wrist shot by Brandon Sutter.
13:56 of 3rd period - Shot Misses the Net.
13:58 of 3rd period - Slapshot by Jonathan Paiement.
13:58 of 3rd period - Stopped by Joey MacDonald with a rebound.
14:00 of 3rd period - Snap shot by Max Pacioretty.
14:00 of 3rd period - Shot Misses the Net.
15:11 of 3rd period - Ryan Wilson is hit by John-Michael Liles and loses puck.
15:28 of 3rd period - Slapshot by Ryan Wilson.
15:28 of 3rd period - Deflect By Joakim Andersson.
15:28 of 3rd period - Shot Misses the Net.
15:28 of 3rd period - Puck is out of play.
15:29 of 3rd period - Brandon Sutter wins face-off versus Ryan White in Sewer Rats zone.
15:36 of 3rd period - Slapshot by Jonathan Paiement.
15:36 of 3rd period - Shot Misses the Net.
15:40 of 3rd period - Slapshot by Max Pacioretty.
15:40 of 3rd period - Shot Misses the Net.
15:48 of 3rd period - Slapshot by Kyle Quincey.
15:48 of 3rd period - Deflect By Max Pacioretty.
15:48 of 3rd period - Shot Misses the Net.
15:48 of 3rd period - Puck is out of play.
15:49 of 3rd period - Steven Reinprecht wins face-off versus Cory Emmerton in Patriotes zone.
15:56 of 3rd period - Wrist shot by Steven Reinprecht.
15:56 of 3rd period - Stopped by Joey MacDonald without a rebound.
15:57 of 3rd period - Steven Reinprecht wins face-off versus Ryan White in Patriotes zone.
16:32 of 3rd period - Snap shot by Nick Palmieri.
16:32 of 3rd period - Goal by Nick Palmieri - Patriotes : 5 - Sewer Rats : 7.
16:33 of 3rd period - Steven Reinprecht wins face-off versus Ryan White in neutral zone.
16:46 of 3rd period - Kyle Quincey is hit by Ryan White.
17:01 of 3rd period - Off-side.
17:02 of 3rd period - Cory Emmerton wins face-off versus Brandon Sutter in neutral zone.
17:39 of 3rd period - Wrist shot by Nick Palmieri.
17:39 of 3rd period - Goal by Nick Palmieri - Patriotes : 5 - Sewer Rats : 8.
17:40 of 3rd period - Zenon Konopka wins face-off versus Steven Reinprecht in neutral zone.
18:02 of 3rd period - Minor Penalty to Andrew Gordon for Hooking.
18:03 of 3rd period - Steven Reinprecht wins face-off versus Tomas Kurka in Patriotes zone.
18:55 of 3rd period - Icing by Jonathan Paiement.
18:56 of 3rd period - Ryan White wins face-off versus Brandon Sutter in Sewer Rats zone.
Goals for this period are 2 for Patriotes vs 4 for Sewer Rats.
Shots for this period are 10 for Patriotes vs 14 for Sewer Rats.
Output by the SimonT Hockey Simulator (STHS) for François Prévost -- Original Page W3C XHTML 1.0 Valid